 Dungeon Crawl Stone Soup version 0.21-a0-215-g0631661 (webtiles) character file.

12922 namelastname112 the Summoner (level 11, 0/97 HPs)
             Began as a White Draconian Summoner on Aug 23, 2017.
             Was a Follower of Ashenzari.
             Hit by a large rock thrown by a cyclops (30 damage)
             ... on level 12 of the Dungeon.
             The game lasted 00:25:14 (16105 turns).

namelastname112 the Summoner (DrSu)                Turns: 16105, Time: 00:25:14

Health: 0/97       AC: 15    Str: 16    XL:     11   Next: 68%
Magic:  18/22      EV: 16    Int: 20    God:    Ashenzari [*.....]
Gold:   876        SH:  0    Dex: 12    Spells: 11/25 levels left

rFire    . . .     SeeInvis .   v - +2 dagger (venom)
rCold    + + .     Gourm    .   (no shield)
rNeg     . . .     Faith    .   (armour unavailable)
rPois    +         Spirit   .   (helmet restricted)
rElec    .         Reflect  .   y - +1 cloak {rPois}
rCorr    .         Harm     .   t - +4 pair of gloves of the Untouchables {Str+5 Int+2}
MR       ++...                  r - +0 pair of boots
Stlth    ++........             (no amulet)
HPRegen  0.26/turn              E - ring of protection from cold
MPRegen  0.18/turn              p - ring of protection from magic

@: no status effects
A: breathe frost, unfitting armour, cold resistance 1, magic resistance 1,
cold-blooded, AC +7
a: Breathe Frost, Curse Item, Scrying, Renounce Religion


You were on level 12 of the Dungeon.
You worshipped Ashenzari.
Ashenzari was aware of your devotion.
You were not hungry.

You visited 2 branches of the dungeon, and saw 13 of its levels.

You collected 876 gold pieces.

Inventory:

Hand Weapons
 o - a +4 dagger of chaos
 v - a +2 dagger of venom (weapon)
Armour
 g - a +0 buckler
 r - a +0 pair of boots (worn)
 t - the +4 pair of gloves of the Untouchables (worn) {Str+5 Int+2}
   (You found it on level 5 of the Dungeon)

   It affects your strength (+5).
   It affects your intelligence (+2).
 y - a +1 cloak of poison resistance (worn)
Jewellery
 m - an uncursed ring of resist corrosion
 p - a ring of protection from magic (right hand)
 u - an uncursed ring of ice
 E - a ring of protection from cold (left hand)
Wands
 s - a wand of paralysis (12/24)
 z - a wand of confusion (18/48)
Scrolls
 f - 4 scrolls of remove curse
 h - 4 scrolls of enchant weapon
 j - 8 scrolls of teleportation
 F - a scroll of identify
Potions
 d - 3 potions of haste {unknown}
 e - a potion of invisibility {unknown}
 i - 3 potions of mutation {unknown}
 l - 2 potions of might
 n - 6 potions of curing
 w - 3 potions of flight
 x - 3 potions of ambrosia {unknown}
 A - a potion of brilliance
 B - a potion of heal wounds {unknown}
 C - 2 potions of cancellation
Books
 a - a book of Callings

   Spells                             Type                      Level
   a - Summon Small Mammal            Summoning                    1
   b - Call Imp                       Summoning                    2
   c - Call Canine Familiar           Summoning                    3
   d - Summon Guardian Golem          Hexes/Summoning              3
   e - Summon Lightning Spire         Summoning/Air                4
   f - Summon Ice Beast               Ice/Summoning                4
 c - a book of Changes

   Spells                             Type                      Level
   a - Beastly Appendage              Transmutation                1
   b - Sticks to Snakes               Transmutation                2
   c - Spider Form                    Transmutation/Poison         3
   d - Ice Form                       Ice/Transmutation            4
   e - Blade Hands                    Transmutation                5
 D - a book of Conjurations

   Spells                             Type                      Level
   a - Magic Dart                     Conjuration                  1
   b - Searing Ray                    Conjuration                  2
   c - Dazzling Spray                 Conjuration/Hexes            3
   d - Fulminant Prism                Conjuration/Hexes            4
   e - Force Lance                    Conjuration/Translocation    4
   f - Iskenderun's Mystic Blast      Conjuration                  4
Comestibles
 b - 5 bread rations
 k - 2 meat rations


   Skills:
 + Level 9.2 Fighting
 + Level 7.7 Dodging
 - Level 1.7 Stealth
 + Level 7.9 Spellcasting
 * Level 12.7 Summonings


You had 11 spell levels left.
You knew the following spells:

 Your Spells              Type           Power        Failure   Level  Hunger
a - Summon Ice Beast      Ice/Summ       ####....     6%          4    ###....
b - Summon Small Mammal   Summ           ####         1%          1    None
c - Summon Lightning Spi  Summ/Air       ####....     6%          4    ###....
x - Call Canine Familiar  Summ           ######..     1%          3    None
z - Call Imp              Summ           ######..     1%          2    None


Dungeon Overview and Level Annotations

Branches:
Dungeon (12/15)            Temple (1/1) D:6            Lair (0/6) D:8
    Orc (0/2) D:11

Altars:
Ashenzari
Cheibriados
Dithmenos
Elyvilon
Fedhas
Gozag
Hepliaklqana
Kikubaaqudgha
Makhleb
Nemelex Xobeh
Okawaru
Qazlal
Ru
Sif Muna
Trog
Uskayaw
Vehumet
Wu Jian
Xom
Yredelemnul
Zin
The Shining One

Shops:
D:6 [   D:11 *


Innate Abilities, Weirdness & Mutations

You can breathe waves of freezing cold.
You can buffet flying creatures when you breathe cold.
Your icy white scales are hard. (AC +7)
You cannot fit into any form of body armour.
Your flesh is cold resistant. (rC+)
You are cold-blooded and may be slowed by cold attacks.
You are resistant to hostile enchantments. (MR+)


Message History

A cyclops comes into view.
The cyclops shouts!
Casting: Summon Lightning Spire
Confirm with . or Enter, or press ? or * to list all spells.
The cyclops throws a large rock.
The large rock hits you!!!
* * * LOW HITPOINT WARNING * * *
You take 36 damage, and have 22/97 hp.
MASSIVE DAMAGE!!
You now have 18/22 mp.
You feel better.
The cyclops throws a large rock.
The large rock closely misses you.
A bullfrog skeleton comes into view.
You regained 7 hp, and now have 29/97 hp.
Your warg completely misses the cyclops.
You hear the brisk ticking of a distant clock.
A vampire appears from thin air!
Reactivating autopickup.
Your warg barely misses the cyclops.
Your warg bites the cyclops!
Your warg bites the cyclops.
The cyclops throws a large rock.
The large rock hits you!!
You die...

.................#####+#.
####.....................
#..##++###............
#..# #......h..... ##.#
#V...(.CZ.... #8#
#............ #†#
#.<.......... #†##
#............ #..#
#...@#######. +.## #....+
#####.# #....# ......#
#....# h.....# #....#
......#######.....
............[.....
..........u.......
..............


You could see a cyclops, a vampire, a bullfrog skeleton and a friendly warg.

Vanquished Creatures
  A guardian serpent (D:10)
  Maurice (D:8)
  Psyche (D:8)
  4 hippogriffs
  9 yaks
  The ghost of namelastname112 the Caller, an amateur DrSu (D:4)
  A steam dragon (D:10)
  A basilisk (D:8)
  5 orc warriors
  3 ice beasts
  4 phantoms
  4 sky beasts
  A black bear (D:9)
  A tengu (D:10)
  2 necrophages
  4 ogres
  4 centaurs
  2 big kobolds
  Blork the orc (D:6)
  4 bullfrogs
  A wyvern zombie (D:9)
  3 scorpions
  A wight (D:7)
  3 howler monkeys
  6 crimson imps
  5 bullfrog zombies
  5 jellies
  2 orc priests
  A gnoll shaman (D:7)
  9 hounds
  6 orc wizards
  2 iguanas
  3 worker ants
  A killer bee zombie (D:8)
  A hound zombie (D:6)
  A hound skeleton (D:6)
  A worker ant zombie (D:7)
  8 gnolls
  14 adders
  2 shadow imps
  2 oozes (D:1)
  An adder zombie (D:6)
  4 adder skeletons
  2 worms
  2 dart slugs (D:1)
  5 leopard geckos
  36 orcs
  8 bats
  4 giant cockroaches
  11 goblins
  7 hobgoblins
  4 jackals (D:10)
  3 quokkas
  3 ball pythons
  5 frilled lizards
  A goblin skeleton (D:9)
  A goblin zombie (D:9)
  2 hobgoblin zombies (D:9)
  A jackal skeleton (D:4)
  21 kobolds
  A kobold skeleton (D:9)
  A leopard gecko zombie (D:6)
  4 orc skeletons (D:9)
  8 rats
266 creatures vanquished.

Vanquished Creatures (collateral kills)
  A hydra (D:11)
  4 two-headed ogres
  Sonja (D:10)
  An unseen horror (D:11)
  A manticore (D:9)
  An elephant (D:8)
  A cyclops (D:10)
  2 trolls
  A shadow (D:11)
  4 yaks
  A wyvern (D:10)
  A steam dragon (D:6)
  A hungry ghost (D:8)
  A basilisk (D:6)
  An ice beast (D:5)
  5 orc warriors
  A phantom (D:4)
  2 ogres
  A necrophage (D:8)
  A crocodile (D:8)
  2 big kobolds (D:4)
  8 killer bees
  5 wights
  A crimson imp (D:10)
  A centaur zombie (D:7)
  A hound (D:4)
  A bullfrog zombie (D:8)
  4 orc priests
  A gnoll shaman (D:4)
  A jelly (D:7)
  4 orc wizards (D:11)
  A killer bee zombie (D:8)
  2 worker ants
  An adder (D:3)
  13 gnolls
  An adder skeleton (D:6)
  A worm (D:2)
  16 orcs
  A giant cockroach (D:4)
  A goblin (D:1)
  3 frilled lizards
  3 kobolds
  A quokka zombie (D:8)
  3 rats
108 creatures vanquished.

Vanquished Creatures (others)
  2 yaks (D:9)
  A crocodile (D:9)
3 creatures vanquished.

Grand Total: 377 creatures vanquished

Notes
Turn   | Place    | Note
-------+----------+-------------------------------------------
     0 | D:1      | namelastname112 the Draconian Summoner began the quest for the Orb.
     0 | D:1      | Reached XP level 1. HP: 14/14 MP: 3/3
     0 | D:1      | Goblin1989: а нечего на д 13 спускаться было
    82 | D:1      | Reached XP level 2. HP: 10/22 MP: 5/5
   250 | D:1      | Learned a level 2 spell: Call Imp
   455 | D:1      | Reached skill level 1 in Fighting
   681 | D:1      | Reached XP level 3. HP: 8/28 MP: 1/6
   926 | D:1      | Learned a level 3 spell: Call Canine Familiar
  2096 | D:2      | Noticed a phantom
  2134 | D:2      | Killed a phantom
  2134 | D:2      | Reached skill level 5 in Summonings
  2134 | D:2      | Reached XP level 4. HP: 21/36 MP: 1/7
  2774 | D:3      | Reached XP level 5. HP: 32/41 MP: 9/9
  3257 | D:3      | Found a sacrificial altar of Ru.
  4345 | D:4      | Noticed namelastname112's ghost (amateur DrSu)
  4354 | D:4      | Killed namelastname112's ghost
  4354 | D:4      | Reached XP level 6. HP: 49/50 MP: 0/10
  4484 | D:4      | Reached skill level 6 in Summonings
  4972 | D:4      | Found a blossoming altar of Fedhas.
  5363 | D:4      | Your scales start taking on an icy white colour.
  5363 | D:4      | Reached XP level 7. HP: 43/57 MP: 7/11
  5363 | D:4      | Gained mutation: Your flesh is cold resistant. (rC+) [White Draconian growth]
  6291 | D:4      | Found a deep blue altar of Sif Muna.
  6292 | D:4      | Found an ancient bone altar of Kikubaaqudgha.
  6293 | D:4      | Found a radiant altar of Vehumet.
  6297 | D:4      | Identified Sif Muna's Volume of Shape Shifting
  6362 | D:4      | Reached skill level 7 in Summonings
  6460 | D:5      | Entered Level 5 of the Dungeon
  6698 | D:5      | Got a pair of steaming gloves
  6704 | D:5      | Identified the +4 pair of gloves of the Untouchables {Str+5 Int+2} (You found it on level 5 of the Dungeon)
  6705 | D:5      | Found a shadowy altar of Dithmenos.
  6718 | D:5      | Reached XP level 8. HP: 52/66 MP: 9/14
  7196 | D:5      | Learned a level 4 spell: Summon Lightning Spire
  7201 | D:5      | Learned a level 4 spell: Summon Ice Beast
  7201 | D:5      | namelastname112: тян спит
  7201 | D:5      | namelastname112: данил пердит
  7357 | D:6      | Found Umugryip's Armour Shoppe.
  7449 | D:6      | Reached skill level 5 in Fighting
  7449 | D:6      | Reached skill level 8 in Summonings
  7587 | D:6      | Noticed Blork the orc
  7597 | D:6      | Killed Blork the orc
  7873 | D:6      | Found a staircase to the Ecumenical Temple.
  8109 | Temple   | Entered the Ecumenical Temple
  8167 | Temple   | Became a worshipper of Ashenzari the Shackled
  8340 | D:7      | Found a shadowy altar of Dithmenos.
  8346 | D:7      | Reached skill level 5 in Spellcasting
  8429 | D:6      | Reached XP level 9. HP: 56/75 MP: 16/16
  8714 | D:6      | Reached skill level 9 in Summonings
  8743 | D:6      | Reached skill level 5 in Dodging
  9174 | D:7      | Found a white marble altar of Elyvilon.
  9267 | D:7      | epen: Обидно было
  9446 | D:7      | Found a hazy altar of Hepliaklqana.
  9647 | D:8      | Noticed Maurice
  9682 | D:8      | epen: сука
  9688 | D:8      | Killed Maurice
  9691 | D:8      | epen: это волк же нахуй
  9702 | D:8      | epen: он чуять должен
  9703 | D:8      | epen: ну не волк
  9703 | D:8      | epen: собака
  9703 | D:8      | namelastname112: дык
  9703 | D:8      | namelastname112: он чует
  9703 | D:8      | namelastname112: потому его и позвал
  9768 | D:8      | epen: блять
  9892 | D:8      | epen: вот это самый уёбский моб нахуй
  9987 | D:8      | epen: хангри гост
 10085 | D:8      | epen: пиздец просто
 10106 | D:8      | Reached skill level 10 in Summonings
 10167 | D:8      | Noticed an elephant
 10178 | D:8      | Killed an elephant
 10196 | D:8      | Reached XP level 10. HP: 57/86 MP: 6/19
 10260 | D:8      | Found an ornate altar of the Wu Jian Council.
 10272 | D:8      | Noticed Psyche
 10287 | D:8      | Killed Psyche
 10947 | D:8      | Found a staircase to the Lair.
 11060 | D:9      | Found a glowing golden altar of the Shining One.
 11625 | D:9      | Noticed a manticore
 11654 | D:9      | epen: STOP RIGHT THERE YOU CRIMINAL SCUM! YOU VIOLATED THE LAW. PAY THE COURT A FINE OR SERVE YOUR SENTENCE, YOUR STOLEN GOODS ARE NOW FORFEIT!
 11782 | D:9      | Killed a manticore
 11890 | D:9      | Noticed a two-headed ogre
 11898 | D:9      | Killed a two-headed ogre
 11898 | D:9      | Reached skill level 11 in Summonings
 11980 | D:9      | Gained mutation: You are resistant to hostile enchantments. (MR+) [mutagenic meat]
 12794 | D:10     | Entered Level 10 of the Dungeon
 12808 | D:10     | Noticed Sonja
 12827 | D:10     | Killed Sonja
 13242 | D:10     | Reached * piety under Ashenzari
 13319 | D:10     | Reached XP level 11. HP: 94/94 MP: 17/21
 14208 | D:10     | Noticed a two-headed ogre
 14215 | D:10     | Killed a two-headed ogre
 14246 | D:10     | Reached skill level 12 in Summonings
 14741 | D:11     | Noticed a two-headed ogre
 14749 | D:11     | Killed a two-headed ogre
 15000 | D:11     | Noticed a two-headed ogre
 15013 | D:11     | Killed a two-headed ogre
 15350 | D:11     | Found a staircase to the Orcish Mines.
 15423 | D:11     | Noticed a six-headed hydra
 15441 | D:11     | Killed a six-headed hydra
 15759 | D:11     | Found Melia's General Store.
 15986 | D:11     | Killed an unseen horror
 16029 | D:12     | Noticed a red ugly thing
 16105 | D:12     | Hit by a large rock thrown by a cyclops

Vault maps used:
D:1:      roderic_dead_forest
D:3:      lemuel_crystal_altar, first_bread
D:4:      cheibrodos_thug_alley, grunt_temple_overflow_magic_moments,
          fedhas_altar_2
D:5:      grunt_dithmenos_smoke
D:6:      minmay_klotski, temple_doors_cd, serial_shops, shop, abandoned_shop,
          uniq_blork_the_orc
D:7:      lemuel_crystal_altar, elyvilon_altar_4, basic_altar, st_stairs_12
D:8:      overflow_temple_1_default, david_lair_generic, serial_undead,
          serial_undead_b, serial_undead_a, serial_undead_f, serial_undead_e,
          uniq_psyche, uniq_maurice
D:9:      nicolae_tso_besieged_by_evil
D:10:     uniq_sonja
D:11:     david_orc_4, serial_shops, shop_statue
D:12:     basic_altar, lab_entry_generic, uniq_nergalle
Temple:   minmay_temple_bridge_abc

Skill      XL: |  1  2  3  4  5  6  7  8  9 10 11 |
---------------+----------------------------------+-----
Dodging        | 2 3 4 5 7 |  7.7
Fighting       | 1 2 3 4 5 7 8 9 |  9.2
Summonings     | 5 6 7 8 10 11 12 | 12.7
Spellcasting   | 3 4 5 6 7 |  7.9
Stealth        | |  1.7

Action                   |  1- 3 |  4- 6 |  7- 9 | 10-12 || total
-------------------------+-------+-------+-------+-------++-------
Melee: Dagger            |   182 |     9 |   493 |   601 ||  1285
       Unarmed           |     6 |       |       |       ||     6
       Tailslap          |    19 |    13 |    87 |    79 ||   198
       Short sword       |    39 |   199 |    89 |       ||   327
 Cast: Summon Small Mamm |     2 |       |       |       ||     2
       Call Imp          |     5 |    14 |     8 |       ||    27
       Call Canine Famil |     5 |    10 |     8 |     6 ||    29
       Summon Lightning  |       |       |    10 |    34 ||    44
       Summon Ice Beast  |       |       |     7 |    16 ||    23
 Abil: Breathe Frost     |       |       |     8 |    17 ||    25
Evoke: Wand              |       |       |       |     2 ||     2
  Use: Scroll            |       |     2 |     8 |     5 ||    15
       Potion            |       |       |       |     3 ||     3
 Stab: Sleeping          |     3 |       |     6 |     3 ||    12
       Distracted        |     1 |     1 |     1 |     4 ||     7
       Paralysed         |       |       |       |     6 ||     6
       Petrifying        |       |       |       |     2 ||     2
  Eat: Chunk             |     4 |     6 |     8 |    14 ||    32
       Royal jelly       |       |     1 |     1 |     2 ||     4
       Meat ration       |       |     1 |     2 |     3 ||     6
       Fruit             |       |       |       |     2 ||     2
Armor: Skin              |    62 |    56 |   253 |   246 ||   617
Dodge: Dodged            |   161 |   140 |   423 |   451 ||  1175

Table legend:
 A = Spawn XP
 B = Non-spawn XP
 C = Spawn XP percentage of total XP
 D = Spawn monster count
 E = Non-spawn monster count
 F = Spawn count percentage of total count
 G = Total turns spent on level
                    A         B        C        D         E        F      G
               +---------+---------+-------+---------+---------+-------+---------
         Total |    3955 |   14505 |  21.4 |      72 |     303 |  19.2 | 16105
               +---------+---------+-------+---------+---------+-------+---------
           D:1 |       7 |      53 |  11.7 |       2 |      28 |   6.7 |  1210
           D:2 |      87 |      28 |  75.7 |       3 |      17 |  15.0 |  1088
           D:3 |      53 |      89 |  37.3 |      10 |      19 |  34.5 |  2159
           D:4 |      65 |     736 |   8.1 |       5 |      43 |  10.4 |  2003
           D:5 |       3 |     430 |   0.7 |       1 |      12 |   7.7 |   742
           D:6 |       6 |    1686 |   0.4 |       2 |      37 |   5.1 |  1285
           D:7 |     397 |     496 |  44.5 |      14 |      15 |  48.3 |  1018
           D:8 |     142 |    2347 |   5.7 |       8 |      23 |  25.8 |  1458
           D:9 |     866 |    2068 |  29.5 |       4 |      41 |   8.9 |  1735
          D:10 |    1296 |    3159 |  29.1 |      10 |      30 |  25.0 |  1821
          D:11 |    1033 |    3345 |  23.6 |      13 |      36 |  26.5 |  1387
          D:12 |       0 |      68 |   0.0 |       0 |       2 |   0.0 |   103
               +---------+---------+-------+---------+---------+-------+---------
